 Dungeon Crawl Stone Soup version 0.24-a0-619-gb7544fd (webtiles) character file.

Game seed: 3898005692028543903, levelgen mode: deterministic

16577 BingusPrime the Cleaver (level 12, -1/105 HPs)
             Began as a Deep Dwarf Hunter on Sept 17, 2019.
             Was a Priest of Makhleb.
             Shot with a bolt by a naga sharpshooter (22 damage)
             ... on level 1 of the Snake Pit.
             The game lasted 01:00:44 (10026 turns).

BingusPrime the Cleaver (Deep Dwarf Hunter)        Turns: 10026, Time: 01:00:45

Health: -1/105     AC: 15    Str: 20    XL:     12   Next: 11%
Magic:  5/5        EV: 15    Int: 13    God:    Makhleb [***...]
Gold:   692        SH:  0    Dex: 15    Spells: 11/11 levels left

rFire    + . .     SeeInvis .   u - +2 battleaxe
rCold    . . .     Gourm    .   (shield currently unavailable)
rNeg     . . .     Faith    .   U - +3 leather armour {MR+}
rPois    .         Spirit   .   (no helmet)
rElec    .         Reflect  .   B - +3 cloak of the Gate {rF+}
rCorr    .         Harm     .   t - +2 pair of gloves
MR       ++...                  m - +0 pair of boots
Stlth    ++........             (no amulet)
HPRegen  0.00/turn              x - +2 ring of strength
MPRegen  0.09/turn              s - ring of flight

@: lethally poisoned (-1 -> -1), non-regenerating
A: damage resistance, heal wounds, sense surroundings 2, no regeneration
a: Heal Wounds, Minor Destruction, Lesser Servant of Makhleb, Renounce Religion,
Evoke Flight


You were on level 1 of the Snake Pit.
You worshipped Makhleb.
Makhleb was most pleased with you.
You were very hungry.

You visited 4 branches of the dungeon, and saw 14 of its levels.

You collected 692 gold pieces.

Inventory:

Hand Weapons
 a - a +2 hand crossbow
 d - a +2 hunting sling
 u - a +2 battleaxe (weapon)
 G - a +2 dagger of venom
 L - a +0 hand axe of venom
Missiles
 e - 84 poisoned darts (quivered)
 F - 56 sling bullets
 J - 122 arrows
 Q - a bolt
 S - 6 curare-tipped darts
Armour
 b - +0 steam dragon scales
 m - a +0 pair of boots (worn)
 t - a +2 pair of gloves (worn)
 A - a +0 scale mail
 B - the +3 cloak of the Gate (worn) {rF+}
   (You found it on level 6 of the Dungeon)

   It protects you from fire.
 U - a +3 leather armour of magic resistance (worn)
Jewellery
 c - an uncursed ring of protection from magic
 s - a ring of flight (right hand)
 x - a +2 ring of strength (left hand)
 O - an uncursed ring of protection from magic
 P - an uncursed ring of protection from fire
Wands
 z - a wand of disintegration (15)
 C - a wand of clouds (5)
 T - a wand of digging (7)
Scrolls
 g - 5 scrolls of magic mapping {unknown}
 h - 3 scrolls of blinking
 i - 4 scrolls of teleportation
 n - 5 scrolls of amnesia
 q - 4 scrolls of enchant armour
 w - 5 scrolls of remove curse
 y - 2 scrolls of fog {unknown}
 H - 2 scrolls of immolation {unknown}
 I - a scroll of fear {unknown}
 N - a scroll of torment {unknown}
 V - a scroll of random uselessness {unknown}
Potions
 j - a potion of agility
 k - 7 potions of flight
 l - 2 potions of degeneration {unknown}
 p - 2 potions of lignification
 r - 3 potions of heal wounds {unknown}
 v - a potion of resistance {unknown}
 D - 2 potions of brilliance {unknown}
 E - 2 potions of berserk rage
 K - a potion of might
Miscellaneous
 M - a crystal ball of energy
Comestibles
 f - 26 rations


   Skills:
 + Level 6.0 Fighting
 + Level 2.2 Short Blades
 * Level 12.3 Axes
 * Level 8.7(8.9) Slings
 * Level 11.6 Crossbows
 + Level 1.8(4.9) Throwing
 + Level 5.0 Armour
 + Level 5.5 Dodging
 + Level 3.0 Stealth
 + Level 0.2 Evocations


You had 11 spell levels left.
You didn't know any spells.
Your spell library contained the following spells:

 Spells                   Type           Power        Failure   Level  Hunger
 Animate Skeleton         Necr           N/A          34%         1    ##.....
 Apportation              Tloc           #.....       34%         1    ##.....
 Beastly Appendage        Tmut           #.....       34%         1    ##.....
 Confusing Touch          Hex            #.....       34%         1    ##.....
 Summon Small Mammal      Summ           #...         34%         1    ##.....
 Sticks to Snakes         Tmut           #.......     47%         2    ###....
 Spider Form              Tmut/Pois      #.........   71%         3    ####...
 Ice Form                 Ice/Tmut       #.......     98%         4    #####..
 Blade Hands              Tmut           #.........   100%        5    ######.


Dungeon Overview and Level Annotations

Branches:
Dungeon (10/15)            Temple (1/1) D:4            Lair (2/6) D:10
  Snake (1/4) Lair:2
  Swamp: Lair:2-4    Shoals: Lair:2-4       Orc: D:9-12

Altars:
Ashenzari
Cheibriados
Dithmenos
Elyvilon
Fedhas
Gozag
Hepliaklqana
Kikubaaqudgha
Makhleb
Nemelex Xobeh
Okawaru
Qazlal
Ru
Sif Muna
Trog
Uskayaw
Vehumet
Wu Jian
Xom
Yredelemnul
Zin
The Shining One

Annotations:
D:7 1 runed translucent door, Crazy Yiuf


Innate Abilities, Weirdness & Mutations

You are resistant to damage.
You can heal yourself by infusing magical energy.
You passively map the area around you.
You do not regenerate.


Message History

The naga sharpshooter spits poison at you.
The splash of poison hits you but does no damage.
You are more poisoned.
You barely miss the naga sharpshooter.
The naga sharpshooter is lightly wounded.
The naga sharpshooter shoots a bolt.
The bolt hits you but does no damage.
You barely miss the naga sharpshooter.
The naga sharpshooter is lightly wounded.
You slice the naga sharpshooter!!
The naga sharpshooter is heavily wounded.
The naga sharpshooter mumbles some strange words.
The naga sharpshooter magically shoots a bolt.
The bolt hits you!!
* * * LOW HITPOINT WARNING * * *
You barely miss the naga sharpshooter.
The naga sharpshooter is heavily wounded.
The naga sharpshooter mumbles some strange words.
The naga sharpshooter magically shoots a bolt.
The bolt hits you!!
You die...

###### ##....##
###########<.....##
*
#.....(.).(....)..+
, **
#........(#.......+
,
#.......@.##......#
#.#####.N.####++###
#.# #.(.# ,* , *
#.# #(..# , ,
#.#####..)####., *
* #.....((.(...).,*
, #..............
,, *
#.####...####.. * ,
#.# #...# * ?,** ,
,


You could see a naga sharpshooter.

Vanquished Creatures
  A hydra (Lair:1)
  Fannar (D:10)
  A naga warrior (Snake:1)
  2 two-headed ogres
  Sonja (D:10)
  Pikel (D:8)
  An oklob plant (Lair:2)
  A salamander (Snake:1)
  Joseph (D:7)
  3 spiny frogs
  3 komodo dragons
  A troll (D:10)
  8 blink frogs (Lair:1)
  4 hippogriffs
  A shadow (D:10)
  8 yaks
  A steam dragon (D:10)
  Menkaure (D:7)
  A naga (Snake:1)
  3 water moccasins
  2 porcupines (Lair:1)
  An orc warrior (D:10)
  2 sky beasts
  5 ice beasts
  6 ogres
  A black bear (D:6)
  2 centaurs
  9 crocodiles
  3 big kobolds
  7 bullfrogs
  A wyvern skeleton (D:9)
  6 killer bees
  An electric eel (Lair:1)
  2 crimson imps
  A centaur zombie (D:6)
  A quasit (D:7)
  4 hounds
  6 jellies
  A bullfrog skeleton (D:6)
  3 centaur skeletons
  4 orc priests
  3 iguanas
  Terence (D:2)
  6 orc wizards
  4 worker ants
  A killer bee zombie (D:7)
  A hound skeleton (D:10)
  A howler monkey zombie (D:7)
  Robin (D:2)
  A howler monkey skeleton (D:3)
  12 adders
  4 gnolls (D:6)
  4 shadow imps
  8 oozes
  2 worms
  7 leopard geckos
  32 orcs
  11 bats
  2 giant cockroaches
  26 goblins
  14 hobgoblins
  4 jackals
  41 kobolds
  2 quokkas
  4 ball pythons
  A ball python skeleton (D:4)
  2 frilled lizards
  A quokka skeleton (D:5)
  2 rats
  A fungus (Lair:1)
  3 plants
314 creatures vanquished.

Vanquished Creatures (others)
  A killer bee (D:10)
  An orc (D:8)
  2 kobolds (D:8)
  2 plants
6 creatures vanquished.

Grand Total: 320 creatures vanquished

Notes
Turn   | Place    | Note
-------+----------+-------------------------------------------
     0 | D:1      | BingusPrime the Deep Dwarf Hunter began the quest for the
                  | Orb.
     0 | D:1      | Reached XP level 1. HP: 19/19 MP: 1/1
   130 | D:1      | Reached XP level 2. HP: 26/26 MP: 2/2
   227 | D:1      | Reached skill level 5 in Crossbows
   533 | D:1      | Reached XP level 3. HP: 32/32 MP: 3/3
  1197 | D:2      | Found a faded altar of an unknown god.
  1372 | D:2      | Noticed Terence
  1373 | D:2      | Noticed Robin
  1391 | D:2      | Reached XP level 4. HP: 25/39 MP: 4/4
  1393 | D:2      | Killed Terence
  1561 | D:2      | Reached skill level 1 in Short Blades
  1592 | D:2      | Killed Robin
  1797 | D:3      | Reached XP level 5. HP: 32/45 MP: 5/5
  1879 | D:3      | Reached skill level 1 in Armour
  1942 | D:3      | Found a sacrificial altar of Ru.
  2618 | D:4      | Found a staircase to the Ecumenical Temple.
  2660 | Temple   | Entered the Ecumenical Temple
  2866 | D:4      | Found a sparkling altar of Nemelex Xobeh.
  2892 | D:4      | Reached XP level 6. HP: 27/52 MP: 6/6
  2923 | D:4      | Found a glowing golden altar of the Shining One.
  3248 | D:4      | Found a sparkling altar of Nemelex Xobeh.
  3584 | D:5      | Entered Level 5 of the Dungeon
  3626 | D:5      | Noticed an ice beast
  3634 | D:4      | Killed an ice beast
  3634 | D:4      | Reached XP level 7. HP: 31/61 MP: 7/7
  3651 | D:4      | Reached skill level 1 in Axes
  3728 | D:5      | Reached skill level 2 in Axes
  3780 | D:5      | Found an iron altar of Okawaru.
  4000 | D:5      | Reached skill level 3 in Axes
  4012 | D:5      | Reached XP level 8. HP: 54/69 MP: 8/8
  4217 | D:6      | Reached skill level 4 in Axes
  4246 | D:6      | Found a stormy altar of Qazlal.
  4285 | D:6      | Found a radiant altar of Vehumet.
  4592 | D:6      | Got a steaming cloak
  4712 | D:6      | Found an ornate altar of the Wu Jian Council.
  4875 | D:6      | Reached skill level 5 in Axes
  4964 | D:6      | Found a snail-covered altar of Cheibriados.
  5081 | D:7      | Noticed Menkaure
  5088 | D:7      | Killed Menkaure
  5126 | D:7      | Reached skill level 6 in Axes
  5183 | D:7      | Noticed Joseph
  5202 | D:7      | Killed Joseph
  5202 | D:7      | Reached skill level 1 in Throwing
  5202 | D:7      | Gained mutation: You passively map the area around you.
                  | [Deep Dwarf growth]
  5202 | D:7      | Reached XP level 9. HP: 35/78 MP: 9/9
  5311 | D:7      | Reached skill level 7 in Axes
  5449 | D:7      | Found a shadowy altar of Dithmenos.
  5631 | D:7      | Reached skill level 1 in Slings
  5766 | D:7      | Identified the +3 cloak of the Gate {rF+} (You found it on
                  | level 6 of the Dungeon)
  5781 | D:7      | Found a runed translucent door.
  5782 | D:7      | Noticed Crazy Yiuf
  5836 | D:7      | Found a burning altar of Makhleb.
  5841 | D:7      | Became a worshipper of Makhleb the Destroyer
  5931 | D:7      | Found an opulent altar of Gozag.
  6176 | D:8      | Noticed Pikel
  6199 | D:8      | Killed Pikel
  6199 | D:8      | Reached skill level 8 in Axes
  6199 | D:8      | Reached skill level 10 in Crossbows
  6430 | D:8      | Found a shimmering altar of Xom.
  6532 | D:8      | Noticed a two-headed ogre
  6543 | D:8      | Killed a two-headed ogre
  6543 | D:8      | Reached XP level 10. HP: 33/86 MP: 8/8
  6790 | D:9      | Reached * piety under Makhleb
  6849 | D:9      | Reached skill level 5 in Slings
  6863 | D:9      | Reached skill level 9 in Axes
  7156 | D:9      | Found an ancient bone altar of Kikubaaqudgha.
  7600 | D:10     | Entered Level 10 of the Dungeon
  7842 | D:10     | Noticed Sonja
  7847 | D:10     | Noticed Fannar
  7853 | D:10     | Noticed a two-headed ogre
  7861 | D:10     | Killed a two-headed ogre
  7861 | D:10     | Reached skill level 10 in Axes
  7887 | D:10     | Killed Sonja
  7887 | D:10     | Reached ** piety under Makhleb
  8000 | D:10     | Killed Fannar
  8000 | D:10     | Reached skill level 5 in Armour
  8000 | D:10     | Reached skill level 5 in Dodging
  8000 | D:10     | Reached XP level 11. HP: 69/93 MP: 8/8
  8123 | D:10     | Reached skill level 11 in Axes
  8250 | D:10     | Found a staircase to the Lair.
  8433 | Lair:1   | Entered Level 1 of the Lair of Beasts
  8516 | Lair:1   | Reached skill level 5 in Fighting
  8838 | Lair:1   | Reached skill level 12 in Axes
  9172 | Lair:1   | Noticed a four-headed hydra
  9238 | Lair:1   | Killed a four-headed hydra
  9338 | Lair:1   | Found the +10 Black Knight's horse barding {ponderous,
                  | rPois rN+}
  9601 | Lair:2   | Noticed an oklob plant
  9691 | Lair:2   | Killed an oklob plant
  9691 | Lair:2   | Reached *** piety under Makhleb
  9836 | Lair:2   | Reached XP level 12. HP: 33/104 MP: 7/7
  9901 | Lair:2   | Found a staircase to the Snake Pit.
  9917 | Snake:1  | Entered Level 1 of the Snake Pit
  9952 | Snake:1  | Noticed a naga warrior
  9994 | Snake:1  | Killed a naga warrior
 10026 | Snake:1  | Shot with a bolt by a naga sharpshooter

Levels and vault maps discovered:
D:1:      sevenhm_arrival_forest_fort_small_5, layout_loops_ring, serial_bayou,
          serial_bayou_pond_a, serial_bayou_lagoon_a, serial_bayou_pond_b,
          serial_bayou_pond_c, serial_bayou_lake_a
D:2:      layout_basic, chequers_ecumenical_altar_simple, first_ration,
          uniq_robin, uniq_terence
D:3:      layout_loops_ring, nicolae_overflow_crystal_walls
D:4:      kennysheep_kobold_camp, layout_cave_pools, kennysheep_little_box,
          nemelex_xobeh_ov_fountains_minmay, temple_fountains, serial_park,
          serial_park_gazebo [serial_park_minivault_5x5_6],
          nemelex_dance_club_becter
D:5:      layout_rooms, kennysheep_mini_moat
D:6:      layout_basic, lemuel_round_altar, marbit_many_paths,
          nicolae_qazlal_general_emergency, lemuel_coloured_pillars_altar
D:7:      layout_basic, kennysheep_mini, lightli_temple_of_fire,
          corexii_checkpoint_a, grunt_dithmenos_shadows, uniq_menkaure,
          uniq_crazy_yiuf_cottage, uniq_joseph
D:8:      layout_cave_pools, xom_teletrap_fun, uniq_pikel
D:9:      layout_long_grid, kiku_gazebo_garden_becter,
          hangedman_little_slice_of_home, minmay_starry_boxes
D:10:     layout_big_octagon, david_lair_shrubbed, uniq_fannar, uniq_sonja
Temple:   eino_temple_lava
Lair:1:   layout_long_grid, st_stairs_4, nicolae_quartered_pool_super,
          grunt_megastairs_4, lemuel_fruit_tree
Lair:2:   layout_roguey, dummy_snake_entry, portal_ice_cave_rime,
          minmay_lair_oklob_chamber
Snake:1:  layout_gridlike

Skill      XL: |  1  2  3  4  5  6  7  8  9 10 11 12 |
---------------+-------------------------------------+-----
Crossbows      | 5 6 7 8 9 10 11 | 11.6
Fighting       | 2 3 4 5 6 |  6.0
Short Blades   | 1 2 |  2.2
Armour         | 1 2 3 4 5 |  5.0
Axes           | 3 6 8 10 12 | 12.3
Dodging        | 3 4 5 |  5.5
Stealth        | 2 3 |  3.0
Throwing       | 1 |  1.8
Slings         | 4 6 8 |  8.7
Evocations     | |  0.2

Action                   |  1- 3 |  4- 6 |  7- 9 | 10-12 || total
-------------------------+-------+-------+-------+-------++-------
Melee: Short sword       |   159 |   122 |       |       ||   281
       Hand crossbow     |     1 |       |       |       ||     1
       Battleaxe         |       |    24 |   167 |   281 ||   472
       Hand axe          |       |       |       |    71 ||    71
 Fire: Hand crossbow     |    80 |   124 |   138 |    58 ||   400
       Hunting sling     |       |       |    71 |   232 ||   303
Throw: Dart              |       |     6 |    19 |    15 ||    40
 Abil: Heal Wounds       |       |     2 |     7 |    27 ||    36
Evoke: Wand              |       |       |     1 |     4 ||     5
  Use: Scroll            |     1 |     8 |     5 |     9 ||    23
       Potion            |       |     1 |     1 |     5 ||     7
 Stab: Sleeping          |       |     1 |       |       ||     1
       Distracted        |       |       |       |     1 ||     1
  Eat: Chunk             |     1 |     7 |     3 |     8 ||    19
       Ration            |       |       |     2 |     1 ||     3
Armor: Leather armour    |    22 |    48 |    25 |     4 ||    99
       Scale mail        |       |       |   132 |   127 ||   259
       Skin              |       |       |       |    42 ||    42
       Steam dragon scal |       |       |       |    89 ||    89
Dodge: Dodged            |    60 |   111 |   210 |   302 ||   683

Table legend:
 A = Non-vault XP
 B = Vault XP
 C = Vault XP percentage of total XP
 D = Non-vault monster count
 E = Vault monster count
 F = Vault count percentage of total count
                 A         B        C        D         E       F
            +---------+---------+-------+---------+---------+-------
      Total |   18421 |    5261 |  22.2 |     242 |      69 |  22.2
            +---------+---------+-------+---------+---------+-------
        D:1 |      54 |       6 |  10.0 |      26 |       4 |  13.3
        D:2 |      56 |      74 |  56.9 |      24 |      14 |  36.8
        D:3 |     125 |       0 |   0.0 |      26 |       0 |   0.0
        D:4 |     305 |     134 |  30.5 |      14 |      23 |  62.2
        D:5 |     721 |       0 |   0.0 |      19 |       0 |   0.0
        D:6 |     710 |       0 |   0.0 |      23 |       0 |   0.0
        D:7 |     945 |     659 |  41.1 |      15 |       5 |  25.0
        D:8 |    1502 |     663 |  30.6 |      19 |       1 |   5.0
        D:9 |    1522 |     373 |  19.7 |      13 |      13 |  50.0
       D:10 |    3295 |    2032 |  38.1 |      27 |       3 |  10.0
     Lair:1 |    6782 |     648 |   8.7 |      29 |       4 |  12.1
     Lair:2 |     744 |     672 |  47.5 |       4 |       2 |  33.3
    Snake:1 |    1660 |       0 |   0.0 |       3 |       0 |   0.0
            +---------+---------+-------+---------+---------+-------
